3026 views
Uploaded 2020-02-17 04:54:05
Game version 1.32 / 1.32.1
19:39 long 4on4 ladder game on (8)Sanctuary_LV
Saved by Teelo
3026 views
Uploaded 2020-02-17 04:54:05
Game version 1.32 / 1.32.1
19:39 long 4on4 ladder game on (8)Sanctuary_LV

130 units @ 22.1k
/ 3.3k
62 buildings @ 9.7k
/ 4k


| Wisp | 19 | 1140 | / | 0 |
| Archer | 3 | 390 | / | 30 |
| Huntress | 26 | 5070 | / | 520 |
| Glaive Thrower | 1 | 210 | / | 65 |
| total: | 49 | 6810g | / | 615w |
| Ancient Protector | 4 | 540 | / | 320 |
| Altar of Elders | 1 | 180 | / | 50 |
| Moon Well | 6 | 1080 | / | 240 |
| Ancient of War | 3 | 450 | / | 180 |
| Hunter's Hall | 1 | 210 | / | 100 |
| Tree of Life | 1 | 340 | / | 185 |
| Tree of Ages | 1 | 320 | / | 180 |
| total: | 16 | 2800g | / | 1075w |
| 0:02 | Altar of Elders |
| 0:05 | Moon Well |
| 0:07 | Wisp |
| 0:07 | Wisp |
| 0:07 | Wisp |
| 0:07 | Wisp |
| 0:34 | Ancient of War |
| 0:39 | Ancient of War |
| 0:41 | Wisp |
| 0:45 | Wisp |
| 0:57 | Wisp |
| 1:33 | Moon Well |
| 1:39 | Wisp |
| 1:40 | Wisp |
| 1:59 | Archer |
| 2:05 | Archer |
| 2:24 | Trueshot Aura |
| 2:33 | Hunter's Hall |
| 2:43 | Archer |
| 3:19 | Wisp |
| 3:41 | Huntress |
| 3:41 | Huntress |
| 4:01 | Moon Well |
| 4:24 | Huntress |
| 5:08 | Huntress |
| 5:09 | Huntress |
| 5:24 | Ancient Protector |
| 5:33 | Scout |
| 5:57 | Ancient Protector |
| 6:03 | Huntress |
| 6:54 | Ancient Protector |
| 6:59 | Moon Well |
| 7:10 | Huntress |
| 7:13 | Ultravision |
| 7:23 | Sentinel |
| 7:35 | Wisp |
| 7:38 | Wisp |
| 8:08 | Trueshot Aura |
| 8:17 | Tree of Life |
| 8:47 | Moon Well |
| 9:12 | Glaive Thrower |
| 9:25 | Strength of the Moon |
| 9:38 | Moon Well |
| 10:06 | Ancient of War |
| 10:10 | Wisp |
| 10:10 | Wisp |
| 10:29 | Wisp |
| 10:30 | Wisp |
| 10:30 | Wisp |
| 10:30 | Wisp |
| 10:31 | Wisp |
| 10:46 | Ancient Protector |
| 10:49 | Huntress |
| 11:52 | Huntress |
| 11:53 | Huntress |
| 11:53 | Huntress |
| 11:55 | Moon Armor |
| 12:32 | Huntress |
| 12:32 | Huntress |
| 12:34 | Huntress |
| 13:14 | Searing Arrows |
| 13:59 | Huntress |
| 14:00 | Huntress |
| 14:01 | Tree of Ages |
| 14:30 | Trueshot Aura |
| 15:02 | Huntress |
| 15:03 | Huntress |
| 15:04 | Huntress |
| 15:43 | Huntress |
| 15:44 | Huntress |
| 16:18 | Huntress |
| 16:18 | Huntress |
| 16:23 | Improved Strength of the Moon |
| 16:56 | Moon Glaive |
| 17:09 | Starfall |
| 17:32 | Summon Bear |
| 17:59 | Huntress |
| 17:59 | Huntress |
| 18:27 | Huntress |
| 19:09 | Summon Quilbeast |
| Right click | 421 |
| Select | 248 |
| Build/train/purchase | 76 |
| Misc. action | 38 |
| Use ability | 4 |
| Chat | 4 |
| Minimap ping | 3 |
| Item give/drop | 2 |
| Remove unit | 1 |


| Rod of Necromancy | 2 | 300 |
| Potion of Healing | 1 | 150 |
| Potion of Mana | 1 | 200 |
| total: | 4 | 650g |
| Acolyte | 3 | 225 | / | 0 |
| Ghoul | 5 | 600 | / | 0 |
| Crypt Fiend | 13 | 2795 | / | 520 |
| Frost Wyrm | 6 | 2310 | / | 720 |
| total: | 27 | 5930g | / | 1240w |
| Graveyard | 1 | 215 | / | 0 |
| Crypt | 1 | 200 | / | 50 |
| Ziggurat | 7 | 1050 | / | 350 |
| Altar of Darkness | 1 | 180 | / | 50 |
| Tomb of Relics | 1 | 130 | / | 30 |
| Sacrificial Pit | 1 | 75 | / | 150 |
| Boneyard | 1 | 175 | / | 200 |
| Halls of the Dead | 2 | 640 | / | 420 |
| Black Citadel | 3 | 975 | / | 690 |
| total: | 13 | 2025g | / | 830w |
| 0:04 | Acolyte |
| 0:10 | Graveyard |
| 0:13 | Crypt |
| 0:20 | Acolyte |
| 0:20 | Acolyte |
| 0:38 | Ziggurat |
| 0:57 | Altar of Darkness |
| 1:14 | Ghoul |
| 1:34 | Crypt Fiend |
| 1:47 | Tomb of Relics |
| 2:06 | Ziggurat |
| 2:27 | Ghoul |
| 2:27 | Crypt Fiend |
| 2:29 | Crypt Fiend |
| 2:58 | Rod of Necromancy |
| 3:02 | Death Coil |
| 3:04 | Ghoul |
| 3:23 | Crypt Fiend |
| 3:44 | Halls of the Dead |
| 4:08 | Ziggurat |
| 4:30 | Crypt Fiend |
| 4:41 | Unholy Aura |
| 5:01 | Crypt Fiend |
| 5:39 | Death Coil |
| 5:52 | Ziggurat |
| 6:09 | Black Citadel |
| 6:09 | Black Citadel |
| 7:02 | Potion of Healing |
| 7:04 | Potion of Mana |
| 7:07 | Rod of Necromancy |
| 7:09 | Frost Nova |
| 7:17 | Crypt Fiend |
| 7:36 | Sacrificial Pit |
| 8:21 | Crypt Fiend |
| 8:22 | Web |
| 8:39 | Boneyard |
| 9:03 | Ghoul |
| 9:03 | Ghoul |
| 9:06 | Unholy Aura |
| 9:21 | Frost Armor |
| 9:35 | Ziggurat |
| 9:35 | Ziggurat |
| 10:07 | Frost Wyrm |
| 10:10 | Creature Attack |
| 10:10 | Improved Creature Attack |
| 10:10 | Advanced Creature Attack |
| 10:33 | Crypt Fiend |
| 10:58 | Frost Nova |
| 11:07 | Creature Carapace |
| 11:08 | Improved Creature Carapace |
| 11:10 | Frost Wyrm |
| 11:13 | Ziggurat |
| 12:56 | Frost Wyrm |
| 12:57 | Crypt Fiend |
| 13:51 | Crypt Fiend |
| 14:10 | Death Coil |
| 15:10 | Animate Dead |
| 15:11 | Frost Nova |
| 15:11 | Frost Armor |
| 15:14 | Frost Wyrm |
| 16:15 | Frost Wyrm |
| 16:48 | Advanced Creature Carapace |
| 17:26 | Frost Wyrm |
| 18:17 | Crypt Fiend |
| 18:17 | Crypt Fiend |
| 18:30 | Death and Decay |
| Select group | 1183 |
| Right click | 1069 |
| Select | 286 |
| Assign group | 115 |
| Build/train/purchase | 112 |
| Misc. action | 60 |
| Chat | 58 |
| Use ability | 51 |
| Minimap ping | 6 |
| Item give/drop | 2 |
| Remove unit | 2 |



| Peasant | 7 | 525 | / | 0 |
| Footman | 3 | 405 | / | 0 |
| Rifleman | 6 | 1230 | / | 180 |
| Priest | 6 | 810 | / | 60 |
| Siege Engine | 5 | 975 | / | 300 |
| total: | 27 | 3945g | / | 540w |
| Altar of Kings | 1 | 180 | / | 50 |
| Barracks | 1 | 160 | / | 60 |
| Farm | 9 | 720 | / | 180 |
| Blacksmith | 1 | 140 | / | 60 |
| Lumber Mill | 1 | 120 | / | 0 |
| Town Hall | 1 | 385 | / | 205 |
| Arcane Sanctum | 1 | 150 | / | 140 |
| Workshop | 1 | 140 | / | 140 |
| Keep | 1 | 320 | / | 210 |
| Castle | 1 | 360 | / | 210 |
| total: | 16 | 1995g | / | 835w |
| 0:10 | Peasant |
| 0:13 | Altar of Kings |
| 0:22 | Peasant |
| 0:27 | Barracks |
| 0:35 | Peasant |
| 0:44 | Farm |
| 0:48 | Peasant |
| 0:59 | Farm |
| 1:09 | Peasant |
| 1:29 | Peasant |
| 1:41 | Footman |
| 1:58 | Blacksmith |
| 2:03 | Footman |
| 2:07 | Peasant |
| 2:23 | Footman |
| 2:31 | Farm |
| 2:41 | Summon Water Elemental |
| 3:26 | Lumber Mill |
| 3:28 | Farm |
| 3:35 | Keep |
| 3:46 | Rifleman |
| 3:49 | Black Gunpowder |
| 4:24 | Brilliance Aura |
| 4:34 | Rifleman |
| 4:36 | Studded Leather Armor |
| 4:43 | Farm |
| 5:58 | Rifleman |
| 6:03 | Arcane Sanctum |
| 6:07 | Improved Lumber Harvesting |
| 7:10 | Holy Light |
| 7:19 | Farm |
| 7:21 | Priest |
| 7:21 | Priest Adept Training |
| 7:22 | Priest |
| 7:24 | Castle |
| 7:26 | Rifleman |
| 7:31 | Refined Gunpowder |
| 8:01 | Summon Water Elemental |
| 8:47 | Farm |
| 8:51 | Workshop |
| 8:55 | Reinforced Leather Armor |
| 9:25 | Divine Shield |
| 9:51 | Priest Master Training |
| 10:09 | Priest |
| 10:11 | Barrage |
| 10:16 | Farm |
| 11:16 | Priest |
| 11:18 | Siege Engine |
| 12:10 | Siege Engine |
| 12:12 | Priest |
| 12:17 | Devotion Aura |
| 12:19 | Brilliance Aura |
| 12:39 | Farm |
| 12:40 | Imbued Gunpowder |
| 12:43 | Rifleman |
| 13:37 | Siege Engine |
| 13:40 | Dragonhide Armor |
| 14:59 | Devotion Aura |
| 15:15 | Town Hall |
| 15:19 | Siege Engine |
| 15:20 | Priest |
| 15:21 | Rifleman |
| 15:25 | Summon Water Elemental |
| 15:28 | Advanced Lumber Harvesting |
| 17:12 | Siege Engine |
| 17:15 | Storm Bolt |
| 18:54 | Holy Light |
| Right click | 487 |
| Select | 296 |
| Build/train/purchase | 70 |
| Select group | 14 |
| Use ability | 12 |
| Assign group | 3 |
| Remove unit | 2 |
| Minimap ping | 2 |


| Healing Salve | 1 | 100 |
| Lesser Clarity Potion | 1 | 70 |
| Scroll of Speed | 1 | 50 |
| total: | 3 | 220g |
| Peon | 9 | 675 | / | 0 |
| Grunt | 3 | 600 | / | 0 |
| Wind Rider | 9 | 2385 | / | 360 |
| Tauren | 5 | 1400 | / | 400 |
| Goblin Shredder | 1 | 375 | / | 100 |
| total: | 27 | 5435g | / | 860w |
| Altar of Storms | 1 | 180 | / | 50 |
| Orc Burrow | 8 | 1280 | / | 320 |
| Barracks | 1 | 180 | / | 50 |
| Voodoo Lounge | 1 | 130 | / | 30 |
| War Mill | 1 | 205 | / | 0 |
| Great Hall | 1 | 385 | / | 185 |
| Beastiary | 2 | 290 | / | 280 |
| Tauren Totem | 2 | 270 | / | 310 |
| Stronghold | 1 | 315 | / | 190 |
| Fortress | 2 | 650 | / | 380 |
| total: | 17 | 2920g | / | 1225w |
| 0:19 | Altar of Storms |
| 0:25 | Orc Burrow |
| 0:26 | Peon |
| 0:26 | Peon |
| 0:47 | Barracks |
| 1:00 | Peon |
| 1:13 | Peon |
| 1:32 | Voodoo Lounge |
| 1:55 | Peon |
| 2:23 | Grunt |
| 2:39 | Wind Walk |
| 2:51 | Stronghold |
| 3:17 | Orc Burrow |
| 3:56 | War Mill |
| 4:47 | Orc Burrow |
| 4:57 | Healing Salve |
| 4:57 | Lesser Clarity Potion |
| 4:57 | Scroll of Speed |
| 5:04 | Grunt |
| 5:05 | Grunt |
| 5:14 | Beastiary |
| 5:43 | Critical Strike |
| 5:56 | Great Hall |
| 6:02 | Peon |
| 6:49 | Goblin Shredder |
| 7:23 | Beastiary |
| 7:31 | Wind Rider |
| 7:40 | Orc Burrow |
| 7:43 | Peon |
| 7:43 | Peon |
| 8:04 | Wind Rider |
| 8:30 | Fortress |
| 8:30 | Fortress |
| 8:57 | Wind Rider |
| 9:04 | Peon |
| 9:26 | Critical Strike |
| 9:47 | Wind Rider |
| 9:50 | Steel Armor |
| 10:12 | Wind Rider |
| 10:51 | Wind Rider |
| 10:58 | Steel Melee Weapons |
| 11:21 | Orc Burrow |
| 11:24 | Orc Burrow |
| 11:53 | Envenomed Spears |
| 11:57 | Thorium Armor |
| 12:20 | Tauren Totem |
| 12:25 | Tauren Totem |
| 12:30 | Wind Rider |
| 12:46 | Wind Walk |
| 14:06 | Healing Wave |
| 14:24 | Wind Walk |
| 15:02 | Hex |
| 15:19 | Tauren |
| 15:23 | Orc Burrow |
| 15:26 | Orc Burrow |
| 15:31 | Wind Rider |
| 15:35 | Thorium Melee Weapons |
| 16:28 | Tauren |
| 16:35 | Wind Rider |
| 17:02 | Tauren |
| 17:03 | Tauren |
| 17:09 | Bladestorm |
| 17:24 | Healing Wave |
| 17:57 | Tauren |
| 19:06 | Hex |
| 19:22 | Critical Strike |
| Select | 269 |
| Right click | 206 |
| Build/train/purchase | 68 |
| Use ability | 15 |
| Minimap ping | 12 |
| Misc. action | 10 |
131 units @ 16.9k
/ 2k
66 buildings @ 11.2k
/ 5.4k

| Scroll of Town Portal | 3 | 1050 |
| Healing Salve | 1 | 100 |
| Orb of Lightning | 1 | 375 |
| total: | 5 | 1525g |
| Wisp | 19 | 1140 | / | 0 |
| Faerie Dragon | 7 | 1085 | / | 175 |
| Hippogryph | 2 | 320 | / | 40 |
| total: | 28 | 2545g | / | 215w |
| Moon Well | 6 | 1080 | / | 240 |
| Altar of Elders | 1 | 180 | / | 50 |
| Hunter's Hall | 1 | 210 | / | 100 |
| Ancient of Wonders | 1 | 90 | / | 30 |
| Tree of Life | 1 | 340 | / | 185 |
| Ancient of Wind | 4 | 600 | / | 560 |
| Tree of Ages | 1 | 320 | / | 180 |
| Tree of Eternity | 1 | 330 | / | 200 |
| total: | 14 | 2500g | / | 1165w |
| 0:04 | Wisp |
| 0:18 | Wisp |
| 0:21 | Moon Well |
| 0:25 | Wisp |
| 0:45 | Wisp |
| 0:49 | Wisp |
| 1:01 | Wisp |
| 1:13 | Wisp |
| 1:29 | Wisp |
| 1:43 | Altar of Elders |
| 1:47 | Wisp |
| 1:57 | Wisp |
| 2:14 | Moon Well |
| 2:18 | Hunter's Hall |
| 2:20 | Wisp |
| 2:28 | Ancient of Wonders |
| 2:53 | Tree of Ages |
| 3:00 | Moon Well |
| 3:03 | Moon Well |
| 3:11 | Moon Well |
| 3:30 | Chemical Rage |
| 3:41 | Strength of the Wild |
| 5:03 | Reinforced Hides |
| 5:22 | Ancient of Wind |
| 5:24 | Ancient of Wind |
| 5:33 | Ancient of Wind |
| 6:19 | Improved Strength of the Wild |
| 6:42 | Faerie Dragon |
| 6:47 | Ancient of Wind |
| 6:49 | Wisp |
| 6:52 | Wisp |
| 7:05 | Acid Bomb |
| 7:19 | Faerie Dragon |
| 7:42 | Faerie Dragon |
| 8:15 | Faerie Dragon |
| 8:49 | Acid Bomb |
| 8:49 | Acid Bomb |
| 9:31 | Chemical Rage |
| 10:15 | Tree of Life |
| 10:48 | Hippogryph |
| 10:58 | Faerie Dragon |
| 11:04 | Healing Salve |
| 11:12 | Orb of Lightning |
| 11:18 | Improved Reinforced Hides |
| 11:20 | Tree of Eternity |
| 12:23 | Scroll of Town Portal |
| 12:39 | Acid Bomb |
| 12:46 | Wisp |
| 12:46 | Wisp |
| 12:46 | Wisp |
| 12:46 | Wisp |
| 12:47 | Wisp |
| 13:06 | Faerie Dragon |
| 13:44 | Wisp |
| 13:50 | Hippogryph |
| 13:56 | Well Spring |
| 14:12 | Moon Well |
| 14:20 | Scroll of Town Portal |
| 14:33 | Faerie Dragon |
| 16:19 | Transmute |
| 17:07 | Scroll of Town Portal |
| Right click | 1008 |
| Chat | 772 |
| Select group | 450 |
| Select | 164 |
| Build/train/purchase | 61 |
| Use ability | 20 |
| Assign group | 10 |
| Minimap ping | 10 |
| Remove unit | 5 |
| Item give/drop | 3 |


| Potion of Healing | 2 | 300 |
| Scroll of Town Portal | 1 | 350 |
| Scroll of Healing | 2 | 500 |
| total: | 5 | 1150g |
| Acolyte | 7 | 525 | / | 0 |
| Ghoul | 4 | 480 | / | 0 |
| Necromancer | 15 | 2175 | / | 300 |
| Meat Wagon | 8 | 1840 | / | 400 |
| Obsidian Statue | 3 | 600 | / | 105 |
| total: | 37 | 5620g | / | 805w |
| Spirit Tower | 1 | 145 | / | 40 |
| Crypt | 1 | 200 | / | 50 |
| Ziggurat | 7 | 1050 | / | 350 |
| Altar of Darkness | 1 | 180 | / | 50 |
| Graveyard | 1 | 215 | / | 0 |
| Tomb of Relics | 1 | 130 | / | 30 |
| Temple of the Damned | 3 | 465 | / | 420 |
| Slaughterhouse | 2 | 280 | / | 270 |
| Halls of the Dead | 1 | 320 | / | 210 |
| Black Citadel | 1 | 325 | / | 230 |
| total: | 16 | 2520g | / | 1170w |
| 0:05 | Acolyte |
| 0:06 | Acolyte |
| 0:11 | Crypt |
| 0:13 | Ziggurat |
| 0:38 | Altar of Darkness |
| 0:59 | Graveyard |
| 1:13 | Ghoul |
| 1:27 | Ghoul |
| 1:35 | Ghoul |
| 1:49 | Ghoul |
| 2:18 | Halls of the Dead |
| 2:33 | Tomb of Relics |
| 2:37 | Death Coil |
| 2:51 | Ziggurat |
| 4:37 | Unholy Aura |
| 4:47 | Acolyte |
| 5:03 | Temple of the Damned |
| 5:04 | Temple of the Damned |
| 5:06 | Slaughterhouse |
| 5:30 | Black Citadel |
| 5:54 | Ziggurat |
| 6:13 | Skeletal Mastery |
| 6:14 | Necromancer Adept Training |
| 6:30 | Vampiric Aura |
| 6:36 | Necromancer |
| 7:00 | Meat Wagon |
| 7:25 | Ziggurat |
| 7:27 | Necromancer |
| 7:54 | Necromancer |
| 7:55 | Necromancer Master Training |
| 7:57 | Necromancer |
| 8:02 | Acolyte |
| 8:23 | Acolyte |
| 8:23 | Acolyte |
| 8:23 | Acolyte |
| 8:41 | Necromancer |
| 9:13 | Obsidian Statue |
| 9:14 | Meat Wagon |
| 9:20 | Ziggurat |
| 9:22 | Unholy Aura |
| 9:30 | Carrion Swarm |
| 9:57 | Ziggurat |
| 10:00 | Exhume Corpses |
| 10:39 | Meat Wagon |
| 10:41 | Necromancer |
| 10:42 | Necromancer |
| 12:02 | Meat Wagon |
| 12:05 | Necromancer |
| 12:15 | Scroll of Town Portal |
| 12:32 | Obsidian Statue |
| 12:38 | Scroll of Healing |
| 12:43 | Potion of Healing |
| 14:02 | Death Coil |
| 14:03 | Vampiric Aura |
| 15:04 | Necromancer |
| 15:09 | Meat Wagon |
| 15:09 | Meat Wagon |
| 15:10 | Obsidian Statue |
| 15:20 | Slaughterhouse |
| 15:32 | Temple of the Damned |
| 15:44 | Necromancer |
| 15:46 | Necromancer |
| 15:53 | Necromancer |
| 15:57 | Unholy Armor |
| 16:17 | Necromancer |
| 16:38 | Creature Attack |
| 16:44 | Unholy Strength |
| 17:08 | Scroll of Healing |
| 17:09 | Potion of Healing |
| 17:19 | Necromancer |
| 17:20 | Necromancer |
| 17:25 | Ziggurat |
| 17:30 | Spirit Tower |
| 18:15 | Meat Wagon |
| 18:19 | Meat Wagon |
| Select group | 794 |
| Right click | 706 |
| Select | 273 |
| Misc. action | 153 |
| Build/train/purchase | 79 |
| Minimap ping | 35 |
| Assign group | 32 |
| Use ability | 20 |
| Item give/drop | 2 |
| Remove unit | 2 |
| Esc | 1 |

| Lesser Clarity Potion | 1 | 70 |
| Potion of Mana | 1 | 200 |
| Potion of Healing | 5 | 750 |
| Orb of Lightning | 1 | 375 |
| Scroll of Town Portal | 1 | 350 |
| total: | 9 | 1745g |
| Peon | 13 | 975 | / | 0 |
| Grunt | 5 | 1000 | / | 0 |
| Spirit Walker | 1 | 195 | / | 35 |
| Tauren | 7 | 1960 | / | 560 |
| Goblin Shredder | 1 | 375 | / | 100 |
| total: | 27 | 4505g | / | 695w |
| Watch Tower | 6 | 660 | / | 480 |
| Altar of Storms | 1 | 180 | / | 50 |
| Orc Burrow | 6 | 960 | / | 240 |
| Barracks | 1 | 180 | / | 50 |
| Voodoo Lounge | 1 | 130 | / | 30 |
| War Mill | 1 | 205 | / | 0 |
| Great Hall | 1 | 385 | / | 185 |
| Tauren Totem | 3 | 405 | / | 465 |
| Stronghold | 1 | 315 | / | 190 |
| Fortress | 1 | 325 | / | 190 |
| total: | 20 | 3105g | / | 1500w |
| 0:02 | Peon |
| 0:02 | Peon |
| 0:02 | Peon |
| 0:22 | Altar of Storms |
| 0:25 | Peon |
| 0:33 | Orc Burrow |
| 0:47 | Peon |
| 0:55 | Barracks |
| 1:00 | Peon |
| 1:00 | Peon |
| 1:37 | Voodoo Lounge |
| 1:45 | Orc Burrow |
| 2:03 | War Mill |
| 2:09 | Grunt |
| 2:32 | Feral Spirit |
| 2:57 | Grunt |
| 3:17 | Stronghold |
| 3:30 | Grunt |
| 3:43 | Grunt |
| 4:21 | Grunt |
| 4:32 | Steel Melee Weapons |
| 4:33 | Steel Armor |
| 4:38 | Orc Burrow |
| 4:48 | Far Sight |
| 5:05 | Watch Tower |
| 5:08 | Watch Tower |
| 5:42 | Peon |
| 5:42 | Peon |
| 5:46 | Tauren Totem |
| 6:17 | Peon |
| 6:17 | Peon |
| 6:27 | Goblin Shredder |
| 6:48 | Berserker Strength |
| 6:57 | Great Hall |
| 7:09 | Peon |
| 7:13 | Watch Tower |
| 7:29 | Feral Spirit |
| 7:40 | Watch Tower |
| 7:45 | Peon |
| 8:12 | Fortress |
| 8:14 | Spirit Walker |
| 8:37 | Lesser Clarity Potion |
| 8:38 | Potion of Mana |
| 8:57 | Spirit Walker Adept Training |
| 9:20 | Watch Tower |
| 9:20 | Watch Tower |
| 9:30 | Orc Burrow |
| 9:33 | Orc Burrow |
| 10:22 | Thorium Melee Weapons |
| 10:25 | Tauren Totem |
| 10:26 | Tauren Totem |
| 10:41 | Tauren |
| 11:15 | Thorium Armor |
| 11:16 | Reinforced Defenses |
| 11:35 | Tauren |
| 11:41 | Orc Burrow |
| 12:26 | Tauren |
| 12:30 | Arcanite Melee Weapons |
| 12:43 | Potion of Healing |
| 13:04 | Tauren |
| 13:07 | Tauren |
| 13:09 | Pulverize |
| 13:36 | Tauren |
| 13:43 | Far Sight |
| 14:18 | Spirit Walker Master Training |
| 14:19 | Tauren |
| 14:23 | Potion of Healing |
| 15:32 | Scroll of Town Portal |
| 15:32 | Potion of Healing |
| 15:33 | Orb of Lightning |
| 17:51 | Potion of Healing |
| 17:53 | Potion of Healing |
| Chat | 460 |
| Right click | 313 |
| Select group | 268 |
| Select | 163 |
| Assign group | 136 |
| Build/train/purchase | 83 |
| Misc. action | 75 |
| Use ability | 8 |
| Minimap ping | 7 |
| Esc | 3 |
| Item give/drop | 2 |
| Remove unit | 1 |

| Potion of Healing | 1 | 150 |
| Potion of Mana | 1 | 200 |
| Scroll of Town Portal | 1 | 350 |
| total: | 3 | 700g |
| Wisp | 22 | 1320 | / | 0 |
| Archer | 10 | 1300 | / | 100 |
| Huntress | 5 | 975 | / | 100 |
| Forest Troll High Priest | 2 | 610 | / | 80 |
| total: | 39 | 4205g | / | 280w |
| Ancient Protector | 1 | 135 | / | 80 |
| Moon Well | 4 | 720 | / | 160 |
| Altar of Elders | 1 | 180 | / | 50 |
| Ancient of War | 2 | 300 | / | 120 |
| Ancient of Wonders | 1 | 90 | / | 30 |
| Hunter's Hall | 1 | 210 | / | 100 |
| Tree of Life | 3 | 1020 | / | 555 |
| Ancient of Wind | 2 | 300 | / | 280 |
| Ancient of Lore | 1 | 155 | / | 145 |
| Tree of Ages | 1 | 320 | / | 180 |
| Tree of Eternity | 1 | 330 | / | 200 |
| total: | 16 | 3110g | / | 1520w |
| 0:12 | Moon Well |
| 0:14 | Altar of Elders |
| 0:15 | Wisp |
| 0:33 | Wisp |
| 0:40 | Ancient of War |
| 0:52 | Wisp |
| 1:10 | Wisp |
| 1:38 | Wisp |
| 1:38 | Wisp |
| 1:43 | Archer |
| 1:43 | Archer |
| 1:57 | Wisp |
| 2:02 | Moon Well |
| 2:25 | Ancient of Wonders |
| 2:32 | Fan of Knives |
| 2:39 | Wisp |
| 2:54 | Hunter's Hall |
| 3:33 | Archer |
| 3:33 | Archer |
| 4:02 | Ancient Protector |
| 4:21 | Archer |
| 4:24 | Wisp |
| 4:24 | Wisp |
| 4:51 | Ancient of War |
| 5:07 | Tree of Life |
| 5:22 | Strength of the Moon |
| 5:31 | Tree of Life |
| 5:48 | Huntress |
| 5:49 | Huntress |
| 5:51 | Blink |
| 6:00 | Ultravision |
| 6:02 | Huntress |
| 6:08 | Moon Well |
| 7:08 | Wisp |
| 7:08 | Wisp |
| 7:12 | Tree of Ages |
| 8:17 | Fan of Knives |
| 8:21 | Archer |
| 8:29 | Tree of Life |
| 8:59 | Moon Armor |
| 9:48 | Improved Bows |
| 9:53 | Wisp |
| 9:53 | Wisp |
| 9:54 | Wisp |
| 10:30 | Moon Well |
| 11:05 | Moon Glaive |
| 11:14 | Blink |
| 11:37 | Ancient of Wind |
| 11:39 | Wisp |
| 11:39 | Wisp |
| 11:39 | Wisp |
| 11:41 | Wisp |
| 11:41 | Wisp |
| 12:05 | Forest Troll High Priest |
| 12:06 | Forest Troll High Priest |
| 12:33 | Improved Strength of the Moon |
| 12:36 | Huntress |
| 13:38 | Potion of Healing |
| 13:39 | Potion of Mana |
| 13:40 | Scroll of Town Portal |
| 13:46 | Huntress |
| 14:21 | Wisp |
| 14:22 | Wisp |
| 14:32 | Archer |
| 14:32 | Archer |
| 14:42 | Ancient of Lore |
| 14:59 | Ancient of Wind |
| 15:05 | Improved Moon Armor |
| 15:30 | Tree of Eternity |
| 15:49 | Archer |
| 15:50 | Archer |
| 15:54 | Abolish Magic |
| Right click | 548 |
| Select | 263 |
| Select group | 179 |
| Build/train/purchase | 90 |
| Use ability | 63 |
| Assign group | 12 |
| Chat | 9 |
| Minimap ping | 8 |
| Remove unit | 4 |
| Item give/drop | 3 |
⇛